 Dungeon Crawl Stone Soup version 0.23-a0-586-gacb4b3f (webtiles) character file.

176375 gruber the Slingshot (level 18, -13/116 HPs)
             Began as a Halfling Hunter on Dec 17, 2018.
             Was a High Priest of Okawaru.
             Mangled by a harpy (15 damage)
             ... on level 3 of the Shoals on Dec 18, 2018.
             The game lasted 01:33:17 (36586 turns).

gruber the Slingshot (Halfling Hunter)             Turns: 36586, Time: 01:33:18

Health: -13/116    AC: 18    Str: 13    XL:     18   Next: 79%
Magic:  18/18      EV: 27    Int: 17    God:    Okawaru [*****.]
Gold:   1486       SH:  9    Dex: 23    Spells: 17/17 levels left

rFire    . . .     SeeInvis .   B - +6 hunting sling of Lesche {venom, +Fly MR+ Int+2}
rCold    + . .     Gourm    .   w - +0 buckler
rNeg     . . .     Faith    .   P - +3 ring mail {rC+}
rPois    .         Spirit   .   r - +2 hat
rElec    .         Reflect  .   O - scarf {repulsion}
rCorr    +         Harm     .   y - +1 pair of gloves of the Yeti {rCorr Int+6}
MR       ++...                  S - +1 pair of boots {Stlth+}
Stlth    +++++.....             (no amulet)
HPRegen  0.29/turn              H - +5 ring of slaying
MPRegen  0.16/turn              Z - +5 ring of slaying

@: about to teleport, marked, repel missiles
A: small, mutation resistance 1
a: Heroism, Finesse, Renounce Religion, Evoke Flight


You were on level 3 of the Shoals.
You worshipped Okawaru.
Okawaru was extremely pleased with you.
You were not hungry.

You visited 5 branches of the dungeon, and saw 27 of its levels.
You also visited: Ossuary and Gauntlet.

You collected 3058 gold pieces.
You spent 1572 gold pieces at shops.

Inventory:

Hand Weapons
 B - the +6 hunting sling of Lesche (weapon) {venom, +Fly MR+ Int+2}
   (You took it off an orc on level 8 of the Dungeon)

   It poisons the ammo it fires.
   It affects your intelligence (+2).
   It affects your resistance to hostile enchantments.
   It lets you fly.
 G - the +6 rapier "Neuwuten" {freeze, -Tele rElec Int+2}
   (You found it on level 8 of the Dungeon)

   It has been specially enchanted to freeze those struck by it, causing extra
   injury to most foes and up to half again as much damage against particularly
   susceptible opponents.
   It can also slow down cold-blooded creatures.
   It affects your intelligence (+2).
   It insulates you from electricity.
   It prevents most forms of teleportation.
 L - the +3 fustibalus of Shame {freeze, rElec rF+ MP+9}
   (Okawaru gifted it to you on level 3 of the Lair of Beasts)

   It causes projectiles fired from it to freeze those they strike, causing
   extra injury to most foes and up to half again as much damage against
   particularly susceptible opponents.
   They can also slow down cold-blooded creatures.
   It protects you from fire.
   It insulates you from electricity.
   It affects your magic capacity (+9).
Missiles
 d - 500 sling bullets (quivered)
 e - 427 stones
Armour
 b - a scarf of spirit shield
 n - the +2 ring mail of Vanity {rPois rC- Regen+}
   (You bought it in a shop on level 3 of the Shoals)

   It makes you vulnerable to cold.
   It protects you from poison.
   It increases your rate of regeneration.
 r - a +2 hat (worn)
 w - a +0 buckler (worn)
 y - the +1 pair of gloves of the Yeti (worn) {rCorr Int+6}
   (You found it in a Gauntlet)

   It affects your intelligence (+6).
   It provides partial protection from all sources of acid and corrosion.
 O - a scarf of repulsion (worn)
 P - a +3 ring mail of cold resistance (worn)
 S - a +1 pair of boots of stealth (worn)
Jewellery
 v - an uncursed ring of poison resistance
 H - a +5 ring of slaying (left hand)
 I - an uncursed ring of protection from magic
 U - an uncursed ring of see invisible
 Z - a +5 ring of slaying (right hand)
Wands
 t - a wand of acid (25)
 u - a wand of iceblast (17)
 D - a wand of disintegration (25)
 K - a wand of paralysis (5)
 M - a wand of scattershot (5)
 N - a wand of digging (6)
 X - a wand of clouds (1)
Scrolls
 g - 2 scrolls of magic mapping
 h - 3 scrolls of random uselessness {unknown}
 i - 18 scrolls of remove curse
 j - 3 scrolls of fear {unknown}
 l - 4 scrolls of amnesia {unknown}
 m - 7 scrolls of identify
 o - 8 scrolls of teleportation
 s - 4 scrolls of enchant armour
 C - 2 scrolls of silence {unknown}
 F - 2 scrolls of fog {unknown}
 J - 2 scrolls of blinking
 V - a scroll of enchant weapon {unknown}
 W - a scroll of summoning {unknown}
Potions
 c - 3 potions of berserk rage
 k - a potion of invisibility
 p - 3 potions of magic
 q - 4 potions of flight
 x - 3 potions of might
 z - 7 potions of heal wounds
 A - 7 potions of curing
 E - 2 potions of cancellation
 Q - 3 potions of haste
 T - 3 potions of agility
Miscellaneous
 a - a fan of gales
 Y - a box of beasts
Comestibles
 f - 55 rations


   Skills:
 - Level 8.0 Fighting
 - Level 13.4 Short Blades
 - Level 22.0 Slings
 * Level 13.2 Armour
 * Level 14.8 Dodging
 - Level 8.5 Stealth
 + Level 12.4 Shields


You had 17 spell levels left.
You didn't know any spells.
Your spell library contained the following spells:

 Spells                   Type           Power        Failure   Level  Hunger
 Apportation              Tloc           #.....       38%         1    ##.....
 Beastly Appendage        Tmut           #.....       38%         1    ##.....
 Confusing Touch          Hex            #.....       38%         1    ##.....
 Corona                   Hex            #......      38%         1    ##.....
 Infusion                 Chrm           #...         38%         1    ##.....
 Magic Dart               Conj           #...         38%         1    ##.....
 Summon Butterflies       Summ           #.......     38%         1    ##.....
 Corpse Rot               Necr           N/A          52%         2    ###....
 Ensorcelled Hibernation  Hex/Ice        #.....       52%         2    ###....
 Searing Ray              Conj           #.....       52%         2    ###....
 Shroud of Golubria       Chrm/Tloc      #.........   52%         2    ###....
 Song of Slaying          Chrm           #.......     52%         2    ###....
 Sticks to Snakes         Tmut           #.......     52%         2    ###....
 Sublimation of Blood     Necr           #.........   52%         2    ###....
 Confuse                  Hex            #.......     77%         3    ####...
 Dazzling Spray           Conj/Hex       #.....       77%         3    ####...
 Lesser Beckoning         Tloc           #.........   77%         3    ####...
 Regeneration             Chrm/Necr      #.........   77%         3    ####...
 Spectral Weapon          Hex/Chrm       #.......     77%         3    ####...
 Spider Form              Tmut/Pois      #.........   77%         3    ####...
 Summon Guardian Golem    Hex/Summ       #.......     77%         3    ####...
 Tukima's Dance           Hex            #.......     77%         3    ####...
 Cause Fear               Hex            #.........   99%         4    #####..
 Force Lance              Conj/Tloc      #.......     99%         4    #####..
 Fulminant Prism          Conj/Hex       #.........   99%         4    #####..
 Ice Form                 Ice/Tmut       #.......     99%         4    #####..
 Iskenderun's Mystic Bla  Conj           #.......     99%         4    #####..
 Leda's Liquefaction      Hex/Erth       #.........   99%         4    #####..
 Agony                    Necr           #.......     100%        5    ######.
 Alistair's Intoxication  Tmut/Pois      #.......     100%        5    ######.
 Blade Hands              Tmut           #.........   100%        5    ######.
 Bolt of Draining         Conj/Necr      #.........   100%        5    ######.
 Dispel Undead            Necr           #.......     100%        5    ######.
 Excruciating Wounds      Chrm/Necr      #.........   100%        5    ######.
 Silence                  Hex/Air        #.........   100%        5    ######.
 Yara's Violent Unravell  Hex/Tmut       #.........   100%        5    ######.
 Deflect Missiles         Chrm/Air       #.........   100%        6    #######
 Invisibility             Hex            #.......     100%        6    #######
 Discord                  Hex            #.........   100%        8    #######


Dungeon Overview and Level Annotations

Branches:
Dungeon (15/15)            Temple (1/1) D:5            Lair (6/6) D:8
 Shoals (3/4) Lair:2       Spider (0/4) Lair:4        Slime (0/5) Lair:6
    Orc (2/2) D:10         Vaults (0/5) D:13         Depths (0/5) D:15
    Elf: Orc:2

Altars:
Ashenzari
Cheibriados
Dithmenos
Elyvilon
Fedhas
Gozag
Hepliaklqana
Kikubaaqudgha
Makhleb
Nemelex Xobeh
Okawaru
Qazlal
Ru
Sif Muna
Trog
Uskayaw
Vehumet
Wu Jian
Xom
Yredelemnul
Zin
The Shining One
Beogh

Shops:
D:6 *   D:10 (   Orc:2 !(}*   Shoals:3 [

Annotations:
D:12 3 runed doors, Lavandula's ghost, journeyman HaEn
D:14 1 runed door, Thaneod's ghost, journeyman DEIE
Shoals:1 3 runed doors, Seukawalui's ghost, adept DEWz


Innate Abilities, Weirdness & Mutations

You are small and have problems with some larger weapons.
You are somewhat resistant to further mutation.


Message History

Unknown command.
Unknown command.
Wield which item (- for none, * to show all)? (? for menu, Esc to quit)
Okay, then.
Unknown command.
As you read the scroll of teleportation, it crumbles to dust.
You feel strangely unstable. The harpy closely misses you. x4
The harpy barely misses you. You block the harpy's attack.
The harpy closely misses you. The harpy barely misses you.
The wind drake flaps its wings at you. The air twists around and strikes you!
* * * LOW HITPOINT WARNING * * *
The harpy claws you!
* * * LOW HITPOINT WARNING * * *
The harpy claws you!
* * * LOW HITPOINT WARNING * * *
You block the harpy's attack. The harpy claws you but does no damage.
The harpy closely misses you. The harpy claws you but does no damage.
The harpy claws you!
You die...

≈≈≈≈≈......≈≈≈.#..≈≈≈≈≈≈
≈P≈P≈≈....≈≈≈≈##..≈≈≈≈≈≈
P≈≈≈≈≈(...≈≈≈.t...≈≈≈≈≈≈
PPP≈≈≈≈≈≈≈≈≈≈≈≈mk≈≈≈≈≈≈≈
≈≈≈♣≈...≈≈≈≈≈≈≈≈≈≈≈≈≈≈≈≈
≈≈≈≈....≈≈≈≈≈≈≈≈≈≈≈≈≈≈≈≈≈
≈≈♣∩♣....≈≈≈≈≈≈≈≈≈≈≈≈≈≈≈≈
≈≈≈.......≈≈≈≈≈HHH≈≈≈≈≈≈≈
≈≈≈♣......≈≈≈≈≈.@H≈≈≈≈≈≈≈
≈≈≈.....)..........≈≈≈≈≈≈
≈≈≈............#..≈≈≈≈≈≈≈≈
≈≈≈≈..........##...≈≈≈≈≈≈≈
≈≈≈≈.........##....≈≈≈≈≈≈≈
≈≈≈≈))......##....≈≈≈≈≈≈≈≈
≈≈≈≈........†.....≈≈≈≈≈≈≈≈
≈≈≈≈≈.≈.......≈....≈≈≈≈≈≈≈
≈≈≈≈≈≈≈....≈........≈≈≈≈≈≈


You could see a snapping turtle, a wind drake, a water nymph and 4 harpies.

Vanquished Creatures
  Nikola (Shoals:1)
  Rupert (D:13)
  Roxanne (Shoals:1)
  A fire giant (D:15)
  An orc warlord (Orc:2)
  Louise (D:15)
  An ironheart preserver (D:13)
  Azrael (D:12)
  Nessos (D:12)
  A minotaur (Gauntlet)
  3 merfolk javelineers
  2 merfolk impalers (Shoals:2)
  Josephine (Orc:1)
  9 hydras
  Erolcha (D:11)
  Harold (D:11)
  5 centaur warriors
  Erica (Lair:2)
  A death knight (D:14)
  A merfolk avatar (Shoals:3)
  4 two-headed ogres
  An alligator snapping turtle (Shoals:2)
  4 satyrs
  A queen ant (D:11)
  Urug (D:11)
  Nergalle (Orc:1)
  A fire crab (Gauntlet)
  5 sea snakes
  4 unseen horrors
  7 orc knights (Orc:2)
  2 orc sorcerers
  14 ugly things
  2 deep elf magi
  21 fauns
  A mana viper (shapeshifter) (Gauntlet)
  An oklob plant (Lair:3)
  4 cyclopes
  A wolf spider (Lair:6)
  8 manticores
  Maurice (D:10)
  10 black mambas
  4 merfolk sirens
  11 elephants
  Joseph (D:7)
  A guardian serpent (Lair:6)
  8 water nymphs
  An ice statue (Lair:2)
  A centaur zombie (D:13)
  5 gargoyles
  11 spiny frogs
  2 rime drakes
  5 centaur skeletons
  A tengu conjurer (D:13)
  6 komodo dragons
  An ice devil (Lair:2)
  15 merfolk
  A troll (shapeshifter) (D:13)
  A jumping spider (shapeshifter) (Gauntlet)
  5 trolls
  2 wind drakes
  Grinder (D:3)
  13 polar bears
  3 hornets
  4 blink frogs (Lair:6)
  A harpy zombie (D:14)
  4 raiju (Lair:6)
  18 dream sheep
  6 hippogriffs
  A hippogriff (shapeshifter) (D:13)
  A meliai zombie (D:13)
  A redback (shapeshifter) (Gauntlet)
  2 snapping turtles
  3 wraiths (Orc:1)
  4 redbacks (Lair:6)
  A spriggan (D:7)
  2 shadows
  2 water elementals
  3 basilisks
  A vampire (D:13)
  16 wyverns
  60 yaks
  A hungry ghost (D:13)
  3 fire bats (Gauntlet)
  3 fire elementals (D:12)
  4 vampire mosquitoes
  14 wargs
  5 swamp worms (D:8)
  19 hell hounds
  Edmund (D:4)
  7 soldier ants (D:11)
  25 water moccasins
  43 orc warriors
  7 porcupines
  12 black bears
  A hornet zombie (D:11)
  11 ice beasts
  4 phantoms
  A sky beast (D:12)
  2 necrophages
  4 boggarts (D:10)
  14 ogres
  19 wolves (Lair:6)
  32 centaurs
  11 crocodiles
  3 big kobolds
  Blork the orc (D:4)
  26 bullfrogs
  2 elf skeletons (D:5)
  4 scorpions
  A wyvern skeleton (D:6)
  An oklob sapling (D:5)
  9 wights
  An electric eel (Lair:2)
  6 howler monkeys
  8 crimson imps
  3 human zombies (D:5)
  3 bullfrog zombies
  19 jellies
  9 orc priests
  4 hounds
  21 orc wizards
  4 bullfrog skeletons
  3 human skeletons (D:5)
  20 worker ants
  5 iguanas
  11 hell rats (Lair:5)
  A killer bee zombie (D:5)
  8 mummies (Ossuary)
  3 gnolls (D:6)
  A howler monkey skeleton (D:7)
  7 adders
  4 river rats (Lair:5)
  2 shadow imps
  4 white imps (Lair:2)
  2 oozes
  3 adder skeletons
  3 worms
  2 dart slugs (D:1)
  4 leopard geckos
  95 orcs
  3 ball pythons
  5 bats
  2 giant cockroaches (D:1)
  9 goblins
  7 hobgoblins
  17 jackals
  2 quokkas
  3 frilled lizards
  2 hobgoblin zombies (Ossuary)
  32 kobolds
  5 kobold zombies (Ossuary)
  An orc skeleton (D:5)
  3 orc zombies
  2 quokka skeletons
  11 rats
  8 plants
1016 creatures vanquished.

Vanquished Creatures (others)
  A hell hound (Lair:6)
  A wight (D:12)
  An orc wizard (D:11)
  A bush (Lair:6)
  19 fungi
  50 plants
73 creatures vanquished.

Grand Total: 1089 creatures vanquished

Notes
Turn   | Place    | Note
-------+----------+-------------------------------------------
     0 | D:1      | gruber the Halfling Hunter began the quest for the Orb.
     0 | D:1      | Reached XP level 1. HP: 14/14 MP: 1/1
    40 | D:1      | Reached skill level 6 in Slings
   112 | D:1      | Reached XP level 2. HP: 19/19 MP: 2/2
   324 | D:1      | Reached skill level 7 in Slings
   324 | D:1      | Reached XP level 3. HP: 24/24 MP: 3/3
  1129 | D:2      | Reached XP level 4. HP: 29/29 MP: 4/4
  1198 | D:2      | Reached skill level 8 in Slings
  1644 | D:3      | Noticed an ice beast
  1826 | D:3      | Reached XP level 5. HP: 34/34 MP: 5/5
  1856 | D:3      | Killed an ice beast
  1856 | D:3      | Reached skill level 9 in Slings
  1856 | D:3      | Reached XP level 6. HP: 39/39 MP: 6/6
  2055 | D:3      | Found a burning altar of Makhleb.
  2095 | D:3      | Noticed Grinder
  2096 | D:3      | Paralysed by Grinder for 7 turns
  2130 | D:3      | Killed Grinder
  2130 | D:3      | Reached skill level 11 in Slings
  2130 | D:3      | Reached XP level 7. HP: 39/44 MP: 7/7
  2612 | D:4      | Reached skill level 1 in Shields
  2689 | D:4      | Noticed Edmund
  2717 | D:4      | Killed Edmund
  2718 | D:4      | Upgraded the game from 0.23-a0-584-g44dd78f to
                  | 0.23-a0-586-gacb4b3f
  2912 | D:4      | Noticed Blork the orc
  2978 | D:4      | Reached XP level 8. HP: 47/49 MP: 8/8
  3019 | D:4      | Reached skill level 5 in Shields
  3122 | D:4      | Killed Blork the orc
  3669 | D:5      | Entered Level 5 of the Dungeon
  3691 | D:5      | Reached skill level 1 in Armour
  3900 | D:5      | Found a sand-covered staircase.
  4016 | Ossuary  | Entered an ossuary
  4368 | D:5      | Reached skill level 5 in Armour
  4368 | D:5      | Reached XP level 9. HP: 48/54 MP: 9/9
  4424 | D:5      | Found a staircase to the Ecumenical Temple.
  4561 | D:5      | Found a shadowy altar of Dithmenos.
  4831 | D:5      | Found a shattered altar of Ashenzari.
  4934 | D:5      | Found a bloodstained altar of Trog.
  4934 | D:5      | Found a glowing silver altar of Zin.
  4938 | D:5      | Found an ancient bone altar of Kikubaaqudgha.
  5692 | Temple   | Entered the Ecumenical Temple
  5923 | D:6      | Reached skill level 5 in Dodging
  5924 | D:6      | Found a blossoming altar of Fedhas.
  5998 | D:6      | Found a snail-covered altar of Cheibriados.
  6329 | D:6      | Found Hicoilir's Assorted Antiques.
  6635 | D:6      | Reached skill level 12 in Slings
  6800 | D:7      | Got a warped war axe
  6847 | D:7      | Found an ornate altar of the Wu Jian Council.
  6853 | D:7      | Noticed Joseph
  6883 | D:7      | Killed Joseph
  6883 | D:7      | Reached skill level 13 in Slings
  6883 | D:7      | Reached XP level 10. HP: 29/64 MP: 10/10
  7143 | D:7      | Identified the +5 war axe "Lotiokoo" {antimagic, rN+} (You
                  | found it on level 7 of the Dungeon)
  7222 | D:7      | Reached skill level 14 in Slings
  7476 | D:7      | Found an iron altar of Okawaru.
  7500 | D:7      | Became a worshipper of Warmaster Okawaru
  8024 | D:8      | Reached skill level 15 in Slings
  8410 | D:8      | HP: 3/64 [swamp worm (14)]
  8799 | D:8      | Got an ichor-stained rapier
  8802 | D:8      | Identified the +6 rapier "Neuwuten" {freeze, -Tele rElec
                  | Int+2} (You found it on level 8 of the Dungeon)
  8816 | D:8      | Noticed a two-headed ogre
  8836 | D:8      | Killed a two-headed ogre
  8836 | D:8      | Reached * piety under Okawaru
  9176 | D:8      | Found a staircase to the Lair.
  9706 | D:8      | Reached XP level 11. HP: 46/69 MP: 11/11
  9932 | D:9      | Reached skill level 5 in Short Blades
  9932 | D:9      | Reached skill level 5 in Stealth
 10723 | D:9      | Reached ** piety under Okawaru
 11293 | D:8      | Identified the +6 hunting sling of Lesche {venom, +Fly MR+
                  | Int+2}
 11337 | D:8      | Identified the +8 falchion of Distant Worlds {elec, Str+3
                  | Int+4}
 11337 | D:8      | Identified the +4 great sword of Ofykkeumo {freeze, Int+3
                  | Dex+3}
 11337 | D:8      | Noticed a centaur warrior
 11459 | D:8      | Killed a centaur warrior
 11472 | D:8      | Noticed a manticore
 11585 | D:10     | Entered Level 10 of the Dungeon
 12214 | D:10     | Noticed a two-headed ogre
 12232 | D:10     | Killed a two-headed ogre
 12232 | D:10     | Reached *** piety under Okawaru
 12232 | D:10     | Received a gift from Okawaru
 13028 | D:10     | Reached skill level 10 in Short Blades
 13126 | D:10     | Found a staircase to the Orcish Mines.
 13259 | D:10     | Received a gift from Okawaru
 13259 | D:10     | Reached XP level 12. HP: 74/74 MP: 12/12
 13427 | D:10     | Reached **** piety under Okawaru
 13800 | D:10     | Found Rexusiwn's Weapon Shop.
 14113 | D:11     | Noticed Erolcha
 14129 | D:11     | Killed Erolcha
 14236 | D:11     | Noticed Urug
 14271 | D:11     | Killed Urug
 14628 | D:8      | Identified the +10 great sword of Siky {slice, *Corrode rF+
                  | rN++ Int+2}
 15138 | D:11     | Noticed a queen ant
 15315 | D:11     | Killed a queen ant
 15315 | D:11     | Received a gift from Okawaru
 15439 | D:11     | Reached skill level 16 in Slings
 15645 | D:11     | Noticed Harold
 15658 | D:11     | Killed Harold
 15717 | D:11     | Received a gift from Okawaru
 15819 | D:11     | Reached skill level 17 in Slings
 15942 | D:11     | Received a gift from Okawaru
 15942 | D:11     | Reached XP level 13. HP: 79/79 MP: 13/13
 16000 | D:11     | Noticed an eight-headed hydra
 16346 | D:11     | Killed an eight-headed hydra
 16595 | Lair:1   | Entered Level 1 of the Lair of Beasts
 16854 | Lair:1   | Reached skill level 18 in Slings
 17031 | Lair:1   | Received a gift from Okawaru
 17164 | Lair:1   | Noticed an eight-headed hydra
 17230 | Lair:1   | Killed an eight-headed hydra
 17673 | Lair:2   | Reached skill level 19 in Slings
 17682 | Lair:2   | Reached ***** piety under Okawaru
 17804 | Lair:2   | Received a gift from Okawaru
 17950 | Lair:2   | Found a staircase to the Shoals.
 18034 | Lair:2   | Noticed Erica
 18043 | Lair:2   | Paralysed by Erica for 3 turns
 18047 | Lair:2   | Killed Erica
 18912 | Lair:2   | Received a gift from Okawaru
 19051 | Lair:2   | Reached skill level 20 in Slings
 19556 | Lair:3   | Noticed a six-headed hydra
 19578 | Lair:3   | Killed a six-headed hydra
 19637 | Lair:3   | Noticed a four-headed hydra
 19645 | Lair:3   | Killed a four-headed hydra
 19733 | Lair:3   | Received a gift from Okawaru
 19852 | Lair:3   | Received a gift from Okawaru
 19855 | Lair:3   | Got a dazzling fustibalus {god gift}
 19856 | Lair:3   | Identified the +3 fustibalus of Shame {freeze, rElec rF+
                  | MP+9} (Okawaru gifted it to you on level 3 of the Lair of
                  | Beasts)
 20359 | Lair:3   | Found the +7 Singing Sword {slice, sonic wave}
 20366 | Lair:3   | Reached XP level 14. HP: 73/85 MP: 11/14
 20484 | Lair:4   | Found a hole to the Spider Nest.
 20788 | Lair:4   | Received a gift from Okawaru
 21453 | Lair:5   | Found a gate leading to a gauntlet.
 21476 | Gauntlet | Entered a Gauntlet
 21476 | Gauntlet | Found a transporter.
 21476 | Gauntlet | Found a transporter.
 21707 | Gauntlet | Found a transporter.
 21707 | Gauntlet | Found a transporter.
 21710 | Gauntlet | Found a transporter.
 21720 | Gauntlet | Found a transporter.
 21728 | Gauntlet | Found a transporter.
 21754 | Gauntlet | Found a transporter.
 21760 | Gauntlet | Found a transporter.
 21784 | Gauntlet | Found a transporter.
 21790 | Gauntlet | Found a transporter.
 21812 | Gauntlet | Found a transporter.
 22072 | Gauntlet | Got a pair of twisted gloves
 22073 | Gauntlet | Identified the +1 pair of gloves of the Yeti {rCorr Int+6}
                  | (You found it in a Gauntlet)
 22233 | Gauntlet | Got a pitted jade ring
 22241 | Gauntlet | Identified the ring "Goifir" {Ice *Drain rPois Dex+6} (You
                  | found it in a Gauntlet)
 22285 | Gauntlet | Noticed a minotaur
 22403 | Gauntlet | Killed a minotaur
 22429 | Gauntlet | Identified the Compendium of Enhancements and the Oath
 23578 | Lair:6   | Entered Level 6 of the Lair of Beasts
 23802 | Lair:6   | Reached skill level 10 in Shields
 23910 | Lair:6   | Received a gift from Okawaru
 23995 | Lair:6   | Reached skill level 10 in Armour
 23995 | Lair:6   | Reached XP level 15. HP: 90/90 MP: 15/15
 24325 | Lair:6   | Received a gift from Okawaru
 24439 | Lair:6   | Received a gift from Okawaru
 24507 | Lair:6   | Got a crude fustibalus {god gift}
 24508 | Lair:6   | Identified the +3 fustibalus of Prudence {flame, Int+4}
                  | (Okawaru gifted it to you on level 6 of the Lair of Beasts)
 24575 | Lair:6   | Found a staircase to the Slime Pits.
 25535 | Lair:6   | Received a gift from Okawaru
 25638 | Lair:6   | Reached skill level 10 in Dodging
 26027 | Lair:6   | Received a gift from Okawaru
 26276 | Orc:1    | Entered Level 1 of the Orcish Mines
 26276 | Orc:1    | Noticed Maurice
 26292 | D:10     | Killed Maurice
 26688 | Orc:2    | Entered Level 2 of the Orcish Mines
 26826 | Orc:1    | Noticed an orc warlord
 26827 | Orc:1    | Noticed Josephine
 27365 | Orc:2    | Found a roughly hewn altar of Beogh.
 27418 | Orc:2    | Found Xodielio's Gadget Emporium.
 27418 | Orc:2    | Found Ridedo's Assorted Antiques.
 27440 | Orc:2    | Reached XP level 16. HP: 95/95 MP: 16/16
 27488 | Orc:2    | Bought a scroll of blinking for 210 gold pieces
 27488 | Orc:2    | Bought a potion of heal wounds for 140 gold pieces
 27488 | Orc:2    | Bought a scroll of identify for 56 gold pieces
 27507 | Orc:2    | Found a roughly hewn altar of Beogh.
 27657 | Orc:2    | Found Ahegyeg's Distillery.
 27657 | Orc:2    | Found Gesadde's Weapon Shop.
 27662 | Orc:2    | Bought a potion of experience for 750 gold pieces
 27664 | Orc:2    | Reached XP level 17. HP: 101/101 MP: 17/17
 28553 | Orc:1    | Noticed Nergalle
 28579 | Orc:1    | Killed Josephine
 28602 | Orc:1    | Killed Nergalle
 28603 | Orc:1    | Found a roughly hewn altar of Beogh.
 29685 | D:12     | Noticed Azrael
 29716 | D:12     | Killed Azrael
 30005 | D:12     | Found a bloodstained altar of Trog.
 30059 | D:12     | Noticed Nessos
 30077 | D:12     | Killed Nessos
 30373 | D:12     | Found a runed gate.
 30376 | D:12     | Found a runed gate.
 30376 | D:12     | Found a runed gate.
 30857 | D:12     | Noticed Lavandula's ghost (journeyman HaEn)
 31331 | D:13     | Noticed Rupert
 31599 | D:13     | Killed Rupert
 31772 | D:13     | Received a gift from Okawaru
 31944 | D:13     | Found an ornate altar of the Wu Jian Council.
 32053 | D:13     | Reached skill level 5 in Fighting
 32113 | D:13     | Found a gate to the Vaults.
 32467 | D:14     | Received a gift from Okawaru
 32521 | D:14     | Got a pitted gossamer ring
 32522 | D:14     | Identified the ring "Zuokh" {Dex+4 Stlth+} (You found it on
                  | level 14 of the Dungeon)
 32937 | D:14     | Found a runed door.
 32938 | D:14     | Noticed Thaneod's ghost (journeyman DEIE)
 33214 | D:15     | Entered Level 15 of the Dungeon
 33292 | D:15     | Noticed Louise
 33323 | D:15     | Killed Louise
 33433 | D:15     | Found a staircase to the Depths.
 33638 | D:15     | Reached XP level 18. HP: 116/116 MP: 18/18
 34116 | Shoals:1 | Entered Level 1 of the Shoals
 34572 | Shoals:1 | Noticed Roxanne
 34619 | Shoals:1 | Killed Roxanne
 34619 | Shoals:1 | Reached skill level 21 in Slings
 34691 | Shoals:1 | Noticed Nikola
 34713 | Shoals:1 | Killed Nikola
 34713 | Shoals:1 | Received a gift from Okawaru
 34780 | Shoals:1 | Found a runed gate.
 34780 | Shoals:1 | Found a runed gate.
 34780 | Shoals:1 | Found a runed gate.
 34780 | Shoals:1 | Noticed Seukawalui's ghost (adept DEWz)
 35275 | Shoals:2 | Reached skill level 22 in Slings
 35535 | Shoals:2 | Received a gift from Okawaru
 35980 | Shoals:3 | Received a gift from Okawaru
 36098 | Shoals:3 | Received a gift from Okawaru
 36269 | Shoals:3 | Found Haoc's Antique Armour Emporium.
 36383 | Shoals:3 | Bought a crude ring mail for 234 gold pieces
 36383 | Shoals:3 | Bought a smelly leather armour for 182 gold pieces
 36385 | Shoals:3 | Identified the +2 ring mail of Vanity {rPois rC- Regen+}
                  | (You bought it in a shop on level 3 of the Shoals)
 36388 | Shoals:3 | Identified the +1 leather armour "Imiblogu" {rElec rF+
                  | Slay-2} (You bought it in a shop on level 3 of the Shoals)
 36417 | Shoals:3 | Received a gift from Okawaru
 36586 | Shoals:3 | HP: 2/116 [harpy (7)]
 36586 | Shoals:3 | Mangled by a harpy

Vault maps used:
D:1:      mushboom_english_gardens
D:3:      old_standard_altar, hangedman_decor_growths, minmay_misc_feat_roman,
          minmay_distorted, uniq_grinder
D:4:      first_ration, chequers_serial_rivers_micro_c, uniq_edmund,
          uniq_blork_the_orc
D:5:      kennysheep_mini, gammafunk_temple_overflow_claw,
          minmay_temple_entry_oklob, nicolae_ossuary_entry_catacombs,
          grunt_dithmenos_smoke_and_mirrors
D:6:      fedhas_altar_1, nicolae_overflow_crystal_walls, serial_shops,
          nicolae_shop_crystal
D:7:      okawaru_altar_gauntlet_db, old_standard_altar,
          hangedman_decor_opposing, minmay_misc_feat_rugged, the_bakery,
          uniq_joseph
D:8:      minmay_the_grid_triangle_9x9_rhombus_full, lair_entry_dummy,
          worms_lemuel
D:10:     erik_orc_4, serial_co_window_serial, co_window_of_opportunity_a,
          co_window_of_opportunity_a, co_window_paths_b, co_window_cross_1,
          co_window_paths_a, co_window_of_opportunity_a,
          co_window_unsneaky_path_c, co_window_corner_cb,
          co_window_unsneaky_path_a, co_window_paths_d, co_window_paths_e,
          glass_columns_b, glass_columns_a, glass_columns_c, glass_columns_a,
          glass_columns_c, serial_shops, shop
D:11:     minmay_another_anthill, uniq_urug, uniq_harold, uniq_erolcha
D:12:     gammafunk_ghost_nasty_kobolds, basic_altar, uniq_azrael, uniq_nessos
D:13:     skrybe_vaults_entry_preservation, basic_altar, uniq_rupert
D:14:     ebering_ghost_inner_flame
D:15:     grunt_enter_depths_giant_problem, uniq_louise
Temple:   dshaligram_water_room_temple
Lair:2:   minmay_shoals_entry_centaurs, ice2_lemuel, serial_bayou_shore_a,
          uniq_erica
Lair:3:   chequers_serial_rivers_micro_b, wad_woods_road_04
Lair:4:   dummy_spider_entry
Lair:5:   gauntlet_entry_generic, kennysheep_abandoned_house
Lair:6:   hangedman_lair_tendril_chambers, hangedman_lair_caniforms_friends,
          minmay_slime_entry_jelly_boxes
Shoals:1: ebering_ghost_rock_garden, uniq_roxanne, uniq_nikola
Shoals:3: serial_shops, nicolae_shop_trees, nicolae_shoals_hunting_party
Orc:1:    basic_altar, nicolae_orc_rockfall, uniq_nergalle, uniq_maurice,
          uniq_josephine
Orc:2:    st_orc_town, mines2_david
Ossuary:  ossuary_tomb_3
Gauntlet: gammafunk_gauntlet_shortcut

Skill      XL: |  1  2  3  4  5  6  7  8  9 10 11 12 13 14 15 16 17 18 |
---------------+-------------------------------------------------------+-----
Slings         | 6 7 8 9 11 13 15 17 20 22 | 22.0
Shields        | 4 6 7 10 12 | 12.4
Armour         | 5 6 10 11 12 13 | 13.2
Dodging        | 5 8 11 12 14 | 14.8
Fighting       | 4 8 |  8.0
Short Blades   | 4 10 13 | 13.4
Stealth        | 4 8 |  8.5

Action                   |  1- 3 |  4- 6 |  7- 9 | 10-12 | 13-15 | 16-18 || total
-------------------------+-------+-------+-------+-------+-------+-------++-------
Melee: Short sword       |       |     2 |       |       |       |       ||     2
       Mace              |       |       |    87 |       |       |       ||    87
       Rapier            |       |       |       |   234 |   149 |   160 ||   543
       Hunting sling     |       |       |       |       |     2 |     3 ||     5
 Fire: Hunting sling     |    83 |   126 |   721 |   989 |  1278 |  1147 ||  4344
       Fustibalus        |       |       |       |       |   183 |     8 ||   191
Invok: Heroism           |       |       |       |     8 |    24 |    13 ||    45
       Finesse           |       |       |       |       |     5 |     4 ||     9
 Abil: Evoke Flight      |       |       |       |       |     1 |       ||     1
Evoke: Wand              |       |       |       |     5 |       |       ||     5
  Use: Potion            |       |     1 |       |     1 |     1 |     4 ||     7
       Scroll            |       |       |     9 |     5 |    13 |     8 ||    35
 Stab: Sleeping          |       |       |       |       |     1 |       ||     1
  Eat: Chunk             |       |     3 |    10 |    24 |    22 |    21 ||    80
       Ration            |       |       |     1 |     1 |     3 |     2 ||     7
Armor: Leather armour    |     9 |       |       |       |       |       ||     9
       Ring mail         |       |    16 |    44 |    73 |    97 |    97 ||   327
Dodge: Dodged            |    28 |    35 |    89 |   198 |   325 |   410 ||  1085
       Deflected         |       |       |       |       |       |    13 ||    13
Block: Buckler           |       |     1 |    50 |   122 |   180 |   194 ||   547

Table legend:
 A = Non-vault XP
 B = Vault XP
 C = Vault XP percentage of total XP
 D = Non-vault monster count
 E = Vault monster count
 F = Vault count percentage of total count
                 A         B        C        D         E       F
            +---------+---------+-------+---------+---------+-------
      Total |  131425 |   77575 |  37.1 |     648 |     363 |  35.9
            +---------+---------+-------+---------+---------+-------
        D:1 |      53 |       0 |   0.0 |      28 |       0 |   0.0
        D:2 |      68 |       0 |   0.0 |      14 |       0 |   0.0
        D:3 |     176 |     283 |  61.7 |      16 |       2 |  11.1
        D:4 |     610 |     240 |  28.2 |      17 |       2 |  10.5
        D:5 |     406 |     449 |  52.5 |      12 |      12 |  50.0
        D:6 |    1092 |       0 |   0.0 |      22 |       0 |   0.0
        D:7 |     749 |     683 |  47.7 |      24 |       8 |  25.0
        D:8 |     781 |    4057 |  83.9 |      12 |      20 |  62.5
        D:9 |    2190 |       0 |   0.0 |      21 |       0 |   0.0
       D:10 |    5419 |    1039 |  16.1 |      54 |      17 |  23.9
       D:11 |    5532 |    5217 |  48.5 |      38 |      24 |  38.7
       D:12 |    6227 |    3797 |  37.9 |      26 |       9 |  25.7
       D:13 |    7705 |    6751 |  46.7 |      30 |      10 |  25.0
       D:14 |   10971 |       0 |   0.0 |      36 |       0 |   0.0
       D:15 |    8066 |    3292 |  29.0 |      31 |       2 |   6.1
     Lair:1 |    4239 |       0 |   0.0 |      17 |       0 |   0.0
     Lair:2 |    2397 |    3682 |  60.6 |      14 |      20 |  58.8
     Lair:3 |    6562 |     542 |   7.6 |      25 |       1 |   3.8
     Lair:4 |    8782 |       0 |   0.0 |      27 |       0 |   0.0
     Lair:5 |    4974 |     483 |   8.9 |      26 |      16 |  38.1
     Lair:6 |   11748 |   21963 |  65.2 |      42 |     111 |  72.5
   Shoals:1 |    5436 |    6328 |  53.8 |      12 |       2 |  14.3
   Shoals:2 |   17675 |       0 |   0.0 |      31 |       0 |   0.0
   Shoals:3 |   13149 |    4065 |  23.6 |      25 |       8 |  24.2
      Orc:1 |    1521 |    2405 |  61.3 |      18 |       5 |  21.7
      Orc:2 |    4897 |    7940 |  61.9 |      30 |      67 |  69.1
    Ossuary |       0 |     150 | 100.0 |       0 |      16 | 100.0
   Gauntlet |       0 |    4209 | 100.0 |       0 |      11 | 100.0
            +---------+---------+-------+---------+---------+-------
